 Dungeon Crawl Stone Soup version 0.29.1-4-g47bece8355 (webtiles) character file.

Game seed: 1988419716916239258

76 KittyFluff the Trooper (level 4, 0/29 HPs)
             Began as a Gargoyle Berserker on Dec 6, 2022.
             Was a Believer of Trog.
             Slain by a gnoll
             ... wielding a +0 whip
              (4 damage)
             ... on level 2 of the Dungeon.
             The game lasted 00:04:45 (1332 turns).

KittyFluff the Trooper (Gargoyle Berserker)         Turns: 1332, Time: 00:04:45

Health: 0/29       AC:  5    Str: 27    XL:     4   Next: 32%
Magic:  4/4        EV: 12    Int:  7    God:    Trog [**....]
Gold:   45         SH:  0    Dex: 11    Spells: 3/3 levels left

rFire   . . .      SeeInvis .   a - +0 mace
rCold   . . .      Faith    .   (no shield)
rNeg    + + .      Spirit   .   b - +0 animal skin
rPois   ∞          Reflect  .   (no helmet)
rElec   +          Harm     .   (no cloak)
rCorr   .          Rampage  .   (no gloves)
Will    .....                   (no boots)
Stlth   +.........              (no amulet)
HPRegen 0.09/turn               h - ring of positive energy
MPRegen 0.09/turn               m - +6 ring of strength

@: no status effects
A: sickness immunity, AC +3, negative energy resistance 1, electricity
resistance, torment resistance 1, petrification resistance
a: Renounce Religion, Berserk, Trog's Hand


You were on level 2 of the Dungeon.
You worshipped Trog.
Trog was pleased with you.
You visited 1 branch of the dungeon, and saw 2 of its levels.

You collected 45 gold pieces.

Inventory:

Hand Weapons
 a - a +0 mace (weapon)
Missiles
 g - 12 stones (quivered)
 j - 13 poisoned darts
Armour
 b - a +0 animal skin (worn)
Jewellery
 h - a ring of positive energy (left hand)
 m - a +6 ring of strength (right hand)
Scrolls
 d - a scroll of teleportation {unknown}
 f - 2 scrolls of identify {unknown}
 i - 2 scrolls of fear {unknown}
 k - a scroll of enchant armour {unknown}
 n - a scroll of immolation {unknown}
Potions
 c - 2 potions of curing {unknown}
 e - a potion of invisibility {unknown}
 l - a potion of heal wounds {unknown}


   Skills:
 * Level 4.3 Fighting
 + Level 3.8 Maces & Flails
 + Level 2.2 Armour
 + Level 2.1 Dodging
 + Level 0.8 Stealth


You had 3 spell levels left.
You didn't know any spells.
Your spell library was empty.

Dungeon Overview and Level Annotations

Branches:
Dungeon (2/15)

Altars:


Innate Abilities, Weirdness & Mutations

You are immune to sickness and miasma.
Your stone body is resilient. (AC +3)
You are immune to poison.
You resist negative energy. (rN+)
You are resistant to electric shocks. (rElec)
You are resistant to unholy torment.
You are immune to petrification.


Message History

You hit the gnoll.
The gnoll is lightly wounded.
The gnoll hits you with a +0 club.
You sock the gnoll!
The gnoll is almost dead.
The gnoll hits you with a +0 club.
You hit the gnoll.
You kill the gnoll!
Trog accepts your kill.
You barely miss the gnoll. You sock the gnoll!
The gnoll is severely wounded.
The gnoll hits you with a +0 club.
You barely miss the gnoll.
The gnoll is severely wounded.
The gnoll hits you with a +0 club.
You sock the gnoll!
You kill the gnoll!
Trog accepts your kill.
You have reached level 4!
You feel stronger.
You completely miss the gnoll. The gnoll closely misses you. x2
You hit the gnoll.
The gnoll is moderately wounded.
The gnoll hits you but does no damage.
You closely miss the gnoll.
The gnoll is moderately wounded.
The gnoll hits you with a +0 club.
* * * LOW HITPOINT WARNING * * *
You thump the gnoll!
The gnoll is almost dead.
The gnoll closely misses you.
You sock the gnoll!
You kill the gnoll!
Trog accepts your kill.
You barely miss the gnoll. The gnoll closely misses you.
The gnoll hits you with a +0 whip.
* * * LOW HITPOINT WARNING * * *
You closely miss the gnoll. The gnoll hits you with a +0 whip.
You die...

.......<##+#.#
#.#..##.
.......##
#.###.#...#.
.#####...
#.....#.....
...#
####......#.
....
..........>
#.#..
###....#.#.
#.#.# ###....#.
#.#.####
######. #@...#
#. ......g###.#
#. .......
#.#### #.
....... #....#
#. .......
####.# #.
........#####.#
#.
............#.#
#. .......
#....# #.
#....# #.


You could see a gnoll.

Vanquished Creatures
  3 gnolls (D:2)
  A dart slug (D:1)
  2 bats (D:1)
  2 endoplasms (D:1)
  A giant cockroach (D:1)
  A goblin (D:1)
  7 hobgoblins
  4 jackals (D:1)
  10 kobolds
  2 quokkas (D:1)
  3 ball pythons (D:1)
  2 frilled lizards
  3 rats (D:1)
41 creatures vanquished.

Notes
Turn   | Place    | Note
-------+----------+-------------------------------------------
     0 | D:1      | KittyFluff the Gargoyle Berserker began the quest for the
                  | Orb.
     0 | D:1      | Reached XP level 1. HP: 14/14 MP: 1/1
   307 | D:1      | Reached XP level 2. HP: 14/20 MP: 2/2
   516 | D:1      | Reached skill level 4 in Fighting
   522 | D:1      | Found a faded altar of an unknown god.
   742 | D:1      | Reached XP level 3. HP: 23/24 MP: 3/3
   864 | D:1      | Reached ** piety under Trog
  1326 | D:2      | Reached XP level 4. HP: 14/29 MP: 4/4
  1332 | D:2      | Slain by a gnoll

Illustrated notes

Levels and vault maps discovered:
D:1:      dpeg_arrival_round_a, layout_loops_ring, ebering_ecumenical_altar_box
D:2:      layout_basic, uniq_natasha

Skill      XL: |  1  2  3 |
---------------+----------+-----
Fighting       | 4 |  4.3
Dodging        | 2 |  2.1
Maces & Flails | |  3.8
Armour         | |  2.2
Stealth        | |  0.8

Action                   |  1- 3 |  4- 6 || total
-------------------------+-------+-------++-------
Melee: Mace              |   110 |     7 ||   117
       Punch             |     1 |       ||     1
Armor: Animal skin       |    39 |     1 ||    40
Dodge: Dodged            |    74 |     4 ||    78
